 Dungeon Crawl Stone Soup version 0.30.0-29-ga12c61a403 (webtiles) character file.

Game seed: 8500001681189641619

29 qw the Shield-Bearer (level 3, -4/23 HPs)
             Began as a Gargoyle Fighter on June 4, 2023.
             Slain by Natasha (8 damage)
             ... on level 2 of the Dungeon.
             The game lasted 00:00:30 (896 turns).

qw the Shield-Bearer (Gargoyle Fighter)              Turns: 896, Time: 00:00:30

Health: -4/23      AC: 10    Str: 21    XL:     3   Next: 16%
Magic:  3/3        EV:  9    Int:  8    God:
Gold:   95         SH:  4    Dex:  9    Spells: 2/2 levels left

rFire   . . .        Y - +0 war axe
rCold   . . .        c - +0 buckler
rNeg    + . .        b - +0 scale mail
rPois   inf          (no helmet)
rElec   +            (no cloak)
rCorr   .            (no gloves)
SInv    .            (no boots)
Will    .....        (no amulet) Stlth
                     (no ring)
HPRegen 0.23/turn    (no ring)
MPRegen 0.08/turn

%: no passive effects
@: slowed, very slow
A: sickness immunity, AC +3, negative energy resistance 1, electricity
resistance, torment resistance 1, petrification resistance
a: no special abilities


You were on level 2 of the Dungeon.
You visited 1 branch of the dungeon, and saw 2 of its levels.

You collected 95 gold pieces.


Innate Abilities, Weirdness & Mutations

You are immune to sickness and miasma.
Your stone body is resilient. (AC +3)
You are immune to poison.
You resist negative energy. (rN+)
You are resistant to electric shocks. (rElec)
You are resistant to unholy torment.
You are immune to petrification.


   Skills:
 - Level 3.2 Fighting
 + Level 3.2 Axes
 - Level 3.2 Armour
 - Level 3.2 Shields


You had 2 spell levels left.
You didn't know any spells.
Your spell library was empty.

Inventory:

Hand Weapons
 g - a +0 whip
 Y - a +0 war axe (weapon)
Armour
 b - a +0 scale mail (worn)
 c - a +0 buckler (worn)
Potions
 d - a potion of might
 e - a potion of invisibility {unknown}

Dungeon Overview and Level Annotations

Branches:
Dungeon (2/15)

Altars:

Annotations:
D:2 Natasha


Message History

You hit Natasha but do no damage. You block the cerulean imp's attack.
Natasha barely misses you.
The cerulean imp hits you but does no damage.
Natasha closely misses you.
You barely miss Natasha.
The cerulean imp hits you from afar with a +3 spear.
Natasha claws you.
The cerulean imp hits you but does no damage.
Natasha stares at you and mumbles some strange words.
You resist with significant effort.
You hit Natasha.
Natasha is moderately wounded.
The cerulean imp hits you but does no damage.
Natasha closely misses you.
The cerulean imp hits you but does no damage.
You block Natasha's attack.
You miss Natasha.
Natasha is moderately wounded.
The cerulean imp hits you from afar with a +3 spear.
Natasha closely misses you.
The cerulean imp hits you from afar with a +3 spear.
Natasha barely misses you.
You miss Natasha.
Natasha is moderately wounded.
The cerulean imp hits you from afar with a +3 spear.
You block Natasha's attack.
The cerulean imp hits you but does no damage.
Natasha barely misses you.
The cerulean imp hits you but does no damage.
You hit Natasha.
Natasha is heavily wounded.
Natasha stares at you and mumbles some strange words.
The magic dart hits you but does no damage.
The cerulean imp barely misses you.
Natasha zaps a wand.
The bolt of light hits you.
The cerulean imp hits you but does no damage.
You hit Natasha.
Natasha is severely wounded.
Natasha claws you!
You die...

................ ....
....<......#... #.#.# ...
....#.............#.##.$.
...........#...##........
.##..#...................
.....#.#.#####.#........
#....#.#.# #.......#
###....#.#######.....#
#....#.##..%).@..[$#
####).......###h.......
#.........# .5.......
##........#..........
##.......#...###....
#.....#...... ....
#.#.###...... ... +.#.#
#...... ## +.#.. ......


You could see Natasha and a cerulean imp (summoned).

Vanquished Creatures
  2 bats (D:1)
  5 endoplasms
  5 hobgoblins (D:1)
  2 quokkas (D:1)
  4 ball pythons
  5 frilled lizards (D:1)
  3 kobolds
  2 rats (D:1)
28 creatures vanquished.

Notes
Turn   | Place    | Note
-------+----------+-------------------------------------------
     0 | D:1      | qw the Gargoyle Fighter began the quest for the Orb.
     0 | D:1      | Reached XP level 1. HP: 14/14 MP: 1/1
     0 | D:1      | 0 ||| qw: Version: 0.2-a-107-g4668610
     0 | D:1      | 0 ||| qw: Game counter: 1233
     0 | D:1      | 0 ||| qw: Always use a shield: true
     0 | D:1      | 0 ||| qw: God list: Okawaru
     0 | D:1      | 0 ||| qw: Allow faded altars: false
     0 | D:1      | 0 ||| qw: Do Orc after D:15 true
     0 | D:1      | 0 ||| qw: Do second Lair branch before Depths: true
     0 | D:1      | 0 ||| qw: Lair rune preference: random
     0 | D:1      | 0 ||| qw: Plans: Normal, Zot:1-4, Slime:5, God:TSO, Crypt,
                  | Tomb, Abyss, Pan, Hells, Win
     0 | D:1      | 0 ||| PLANNING D:1-11
   135 | D:1      | 135 ||| Stepping ~*~*~tactically~*~*~ (stealth).
   145 | D:1      | Reached XP level 2. HP: 19/19 MP: 2/2
   217 | D:1      | 217 ||| Stepping ~*~*~tactically~*~*~ (stealth).
   331 | D:1      | Reached skill level 3 in Axes
   483 | D:1      | Reached XP level 3. HP: 23/23 MP: 3/3
   723 | D:1      | 723 ||| READING scroll labelled PAIWAT JEHE.
   724 | D:1      | 724 ||| READING scroll labelled JAFIUMO JICYNN.
   725 | D:1      | 725 ||| READING scroll labelled JOEGHENT YXTUL.
   726 | D:1      | 726 ||| READING scroll labelled JIONOS MUOTZURAIV.
   757 | D:2      | 757 ||| Stepping ~*~*~tactically~*~*~ (stealth).
   759 | D:2      | 759 ||| Stepping ~*~*~tactically~*~*~ (stealth).
   761 | D:2      | 761 ||| Stepping ~*~*~tactically~*~*~ (hiding).
   762 | D:2      | 762 ||| Stepping ~*~*~tactically~*~*~ (hiding).
   845 | D:2      | 845 ||| Stepping ~*~*~tactically~*~*~ (stealth).
   886 | D:2      | Noticed Natasha
   887 | D:2      | 887 ||| Stepping ~*~*~tactically~*~*~ (hiding).
   888 | D:2      | 888 ||| Stepping ~*~*~tactically~*~*~ (hiding).
   895 | D:2      | HP: 3/23 [Natasha/bolt of light (6)]
   896 | D:2      | Slain by Natasha

Levels and vault maps discovered:
D:1:      psy_arrival_spokes, layout_loops_ring
D:2:      layout_basic, kennysheep_cluttered_room, uniq_terence, uniq_natasha

Skill      XL: |  1  2 |
---------------+-------+-----
Axes           | 2 3 |  3.2
Fighting       | |  3.2
Armour         | |  3.2
Shields        | |  3.2

Action                     || total
---------------------------++-------
  Melee: War axe           ||    74
    Use: Scroll            ||     4
 Armour: Scale mail        ||    29
  Dodge: Dodged            ||    30
  Block: Buckler           ||    13

Table legend:
 A = Non-vault XP
 B = Vault XP
 C = Vault XP percentage of total XP
 D = Non-vault monster count
 E = Vault monster count
 F = Vault count percentage of total count
                 A         B        C        D         E       F
            +---------+---------+-------+---------+---------+-------
      Total |      42 |       0 |   0.0 |      28 |       0 |   0.0
            +---------+---------+-------+---------+---------+-------
        D:1 |      38 |       0 |   0.0 |      25 |       0 |   0.0
        D:2 |       4 |       0 |   0.0 |       3 |       0 |   0.0
            +---------+---------+-------+---------+---------+-------
